 Dungeon Crawl Stone Soup version 0.25-a0-668-gea548f19b6 (webtiles) character file.

Game seed: 17796604196618392961, levelgen mode: deterministic

14366 Murumi the Blocker (level 12, 0/95 HPs)
             Began as a Formicid Fighter on Mar 24, 2020.
             Was a High Priest of Okawaru.
             Slain by a komodo dragon (24 damage)
             ... on level 3 of the Lair of Beasts on Mar 28, 2020.
             The game lasted 01:16:35 (12557 turns).

Murumi the Blocker (Formicid Fighter)              Turns: 12557, Time: 01:16:36

Health: 0/95       AC: 16    Str: 21    XL:     12   Next: 44%
Magic:  18/18      EV:  8    Int: 13    God:    Okawaru [*****.]
Gold:   480        SH: 13    Dex: 10    Spells: 11/11 levels left

rFire    . . .     SeeInvis +   r - +0 great sword
rCold    + . .     Gourm    .   c - +1 kite shield
rNeg     . . .     Faith    .   a - +0 plate armour
rPois    .         Spirit   .   (helmet unavailable)
rElec    .         Reflect  .   w - scarf {repulsion}
rCorr    .         Harm     .   i - +0 pair of gloves
MR       ++...                  E - +0 pair of boots
Stlth    ..........             A - amulet of regeneration
HPRegen  0.65/turn              b - ring of protection from cold
MPRegen  0.16/turn              x - ring of protection from magic

@: repel missiles
A: permanent stasis, dig shafts and tunnels, four strong arms, antennae 3
a: Dig, Shaft Self, Heroism, Finesse, Renounce Religion


You were on level 3 of the Lair of Beasts.
You worshipped Okawaru.
Okawaru was extremely pleased with you.
You were not hungry.

You visited 3 branches of the dungeon, and saw 13 of its levels.

You collected 581 gold pieces.
You spent 101 gold pieces at shops.

Inventory:

Hand Weapons
 f - a -1 hand crossbow
 r - a +0 great sword (weapon)
 y - a +0 scimitar of flaming
Missiles
 d - 151 stones
 e - 156 bolts
 h - 34 poisoned darts
 o - 7 datura-tipped darts
 v - a throwing net
 z - 2 boomerangs (quivered)
Armour
 a - a +0 plate armour (worn)
 c - a +1 kite shield (worn)
 i - a +0 pair of gloves (worn)
 w - a scarf of repulsion (worn)
 E - a +0 pair of boots (worn)
Jewellery
 b - a ring of protection from cold (left hand)
 n - an uncursed ring of positive energy
 x - a ring of protection from magic (right hand)
 A - an amulet of regeneration (around neck)
Wands
 B - a wand of flame (23)
 D - a wand of iceblast (11)
 G - a wand of random effects (19)
 H - a wand of disintegration (13)
Scrolls
 l - 2 scrolls of fear
 q - 4 scrolls of remove curse
 t - 7 scrolls of magic mapping
 u - 2 scrolls of fog
 C - 2 scrolls of enchant armour
Potions
 g - a potion of heal wounds
 j - 6 potions of curing
 k - a potion of flight
 m - 4 potions of mutation
 s - a potion of brilliance
 F - a potion of ambrosia {unknown}
 J - a potion of might
 M - a potion of invisibility {unknown}
Miscellaneous
 K - a box of beasts
Comestibles
 p - 32 rations


   Skills:
 - Level 9.1 Fighting
 - Level 7.2 Long Blades
 - Level 7.0 Crossbows
 - Level 9.0 Armour
 - Level 4.3 Dodging
 - Level 10.1 Shields
 + Level 9.1 Invocations
 - Level 4.2 Evocations


You had 11 spell levels left.
You didn't know any spells.
Your spell library contained the following spells:

 Spells                   Type           Power        Failure   Level  Hunger
 Magic Dart               Conj           #...         99%         1    ##.....
 Call Imp                 Summ           #.......     100%        2    ###....
 Shroud of Golubria       Chrm/Tloc      #.....       100%        2    ###....
 Slow                     Hex            #.......     100%        2    ###....
 Conjure Flame            Conj/Fire      #.......     100%        3    ####...
 Gell's Gravitas          Tloc           #.........   100%        3    ####...
 Lesser Beckoning         Tloc           #.........   100%        3    ####...
 Mephitic Cloud           Conj/Pois/Air  #.......     100%        3    ####...
 Teleport Other           Tloc           #.......     100%        3    ####...
 Passage of Golubria      Tloc           N/A          100%        4    #####..
 Blink                    Tloc           Unusable     N/A         2    N/A

Dungeon Overview and Level Annotations

Branches:
Dungeon (9/15)             Temple (1/1) D:7            Lair (3/6) D:9
  Swamp (0/4) Lair:2
  Snake: Lair:2-4    Spider: Lair:2-4       Orc: D:9-12

Altars:
Ashenzari
Cheibriados
Dithmenos
Elyvilon
Fedhas
Gozag
Hepliaklqana
Kikubaaqudgha
Makhleb
Nemelex Xobeh
Okawaru
Qazlal
Ru
Sif Muna
Trog
Uskayaw
Vehumet
Wu Jian
Xom
Yredelemnul
Zin
The Shining One

Shops:
D:4 *[   D:7 (   D:8 ?=


Innate Abilities, Weirdness & Mutations

You cannot be hasted, slowed, berserked, paralysed or teleported.
You can dig through walls and to a lower floor.
Your four strong arms can wield two-handed weapons with a shield.
You have a pair of large antennae on your head. (SInv)


Message History

The komodo dragon bites you!!
You are too injured to fight recklessly!
You hit the komodo dragon.
The komodo dragon is severely wounded.
You block the komodo dragon's attack. x2
You hit the komodo dragon but do no damage.
The komodo dragon is severely wounded.
The komodo dragon bites you!
* * * LOW HITPOINT WARNING * * *
You hit the komodo dragon.
The komodo dragon is severely wounded.
You block the komodo dragon's attack.
You barely miss the komodo dragon.
The komodo dragon is severely wounded.
You block the komodo dragon's attack. The komodo dragon bites you.
* * * LOW HITPOINT WARNING * * *
Your plate armour prevents you from hitting the komodo dragon.
The komodo dragon is heavily wounded.
The komodo dragon bites you!!
You die...

# ## #.##########.# ####
##.#....#...##.#####..##
......l@................
..#...)#................
.......#.......###....##
..#....#.......# ##..###
. #............# #.## #
+....#.#####.## #.# #
.......# #..# #.# #
.#......# ##..###.## #
####.#.. #..###...# #


You could see a komodo dragon.

Vanquished Creatures
  A hydra (Lair:1)
  Erica (D:9)
  A two-headed ogre (D:8)
  A black mamba (Lair:1)
  7 spiny frogs
  A komodo dragon (Lair:1)
  11 blink frogs
  Prince Ribbit (Lair:1)
  The ghost of tamionv the Cudgeler, an amateur GrGl (D:4)
  2 hippogriffs
  Sigmund (D:3)
  A basilisk (Lair:2)
  13 yaks
  A steam dragon (Lair:1)
  A water moccasin (D:5)
  5 porcupines
  2 ice beasts
  3 orc warriors
  A phantom (D:5)
  3 ogres
  A black bear (Lair:2)
  3 centaurs
  5 crocodiles
  11 bullfrogs
  A scorpion (D:8)
  8 wights
  A howler monkey (D:4)
  6 crimson imps
  A centaur zombie (D:6)
  5 hounds
  3 jellies
  3 bullfrog zombies
  9 orc priests
  A bullfrog skeleton (D:6)
  A centaur skeleton (D:8)
  2 iguanas
  8 orc wizards
  8 worker ants
  A hound zombie (D:5)
  A hound skeleton (D:8)
  A worker ant zombie (D:4)
  9 adders
  2 shadow imps (D:5)
  An adder skeleton (D:5)
  2 adder zombies
  3 worms
  5 dart slugs
  3 leopard geckos
  42 orcs
  6 bats
  6 giant cockroaches
  7 goblins
  8 hobgoblins
  19 jackals
  4 kobolds
  5 quokkas
  A ball python (D:3)
  2 frilled lizards
  A giant cockroach zombie (D:5)
  A jackal skeleton (D:4)
  A leopard gecko zombie (D:4)
  4 rats
  A plant (D:9)
271 creatures vanquished.

Vanquished Creatures (others)
  A bat (D:1)
  A frilled lizard (D:1)
2 creatures vanquished.

Grand Total: 273 creatures vanquished

Notes
Turn   | Place    | Note
-------+----------+-------------------------------------------
     0 | D:1      | Murumi the Formicid Fighter began the quest for the Orb.
     0 | D:1      | Reached XP level 1. HP: 18/18 MP: 1/1
    55 | D:1      | Reached skill level 4 in Shields
   202 | D:1      | Reached XP level 2. HP: 22/24 MP: 2/2
   246 | D:1      | Reached skill level 1 in Dodging
   600 | D:2      | Reached XP level 3. HP: 28/29 MP: 3/3
   695 | D:2      | Reached XP level 4. HP: 13/37 MP: 4/4
  1365 | D:2      | Found a glowing silver altar of Zin.
  1365 | D:2      | Found a burning altar of Makhleb.
  1366 | D:2      | Noticed a green death
  1366 | D:2      | Noticed an angel
  1536 | D:3      | Reached XP level 5. HP: 40/42 MP: 5/5
  1846 | D:3      | Noticed Sigmund
  1864 | D:3      | Killed Sigmund
  1864 | D:3      | Reached skill level 6 in Shields
  1864 | D:3      | Reached XP level 6. HP: 31/48 MP: 6/6
  2118 | D:3      | Reached skill level 7 in Shields
  2120 | D:3      | Reached XP level 7. HP: 31/54 MP: 7/7
  2620 | D:4      | Found a transporter.
  2627 | D:4      | Found a transporter.
  2627 | D:4      | Noticed tamionv's ghost (amateur GrGl)
  3130 | D:4      | Found Hicir's General Store.
  3130 | D:4      | Found Paeshrus's Armour Shoppe.
  3142 | D:4      | Reached skill level 5 in Fighting
  3864 | D:4      | Killed tamionv's ghost
  3864 | D:4      | Reached XP level 8. HP: 29/62 MP: 8/8
  4056 | D:5      | Entered Level 5 of the Dungeon
  5040 | D:5      | Reached skill level 5 in Long Blades
  5524 | D:5      | HP: 1/65 [water moccasin (6)]
  5526 | D:5      | Reached skill level 8 in Shields
  5526 | D:5      | Reached XP level 9. HP: 10/71 MP: 9/9
  6305 | D:6      | Noticed a hippogriff
  6318 | D:6      | Killed a hippogriff
  7208 | D:6      | Found an ancient bone altar of Kikubaaqudgha.
  7653 | D:7      | Found Zahulaeg's Antique Weapon Boutique.
  7661 | D:7      | Bought a hand crossbow for 101 gold pieces
  7761 | D:7      | Reached skill level 9 in Shields
  7776 | D:7      | Reached skill level 1 in Crossbows
  7892 | D:7      | Reached XP level 10. HP: 79/79 MP: 10/10
  7949 | D:7      | Found a staircase to the Ecumenical Temple.
  7958 | Temple   | Entered the Ecumenical Temple
  8071 | Temple   | Became a worshipper of Warmaster Okawaru
  8465 | D:8      | Found Kopto's Magic Scroll Shoppe.
  8537 | D:8      | Reached skill level 5 in Crossbows
  8550 | D:8      | Reached * piety under Okawaru
  8754 | D:8      | Found a basalt altar of Yredelemnul.
  8965 | D:8      | Noticed a two-headed ogre
  8976 | D:8      | Killed a two-headed ogre
  8976 | D:8      | Reached ** piety under Okawaru
  9305 | D:8      | Found Pamuz's Jewellery Shoppe.
  9372 | D:8      | Found a bloodstained altar of Trog.
  9375 | D:8      | Found a hazy altar of Hepliaklqana.
  9978 | D:9      | Reached XP level 11. HP: 78/86 MP: 11/11
 10028 | D:9      | Noticed Erica
 10046 | D:9      | Killed Erica
 10046 | D:9      | Reached *** piety under Okawaru
 10304 | D:9      | Found a sacrificial altar of Ru.
 10450 | D:9      | Reached skill level 1 in Invocations
 10475 | D:9      | Found a staircase to the Lair.
 10555 | D:9      | Upgraded the game from 0.25-a0-663-gace7076f2c to
                  | 0.25-a0-668-gea548f19b6
 10557 | Lair:1   | Entered Level 1 of the Lair of Beasts
 10566 | Lair:1   | Noticed a four-headed hydra
 10575 | Lair:1   | Killed a one-headed hydra
 10575 | Lair:1   | Reached **** piety under Okawaru
 10575 | Lair:1   | Reached skill level 5 in Invocations
 10654 | Lair:1   | Noticed Prince Ribbit
 10679 | Lair:1   | Killed Prince Ribbit
 10795 | Lair:1   | Reached ***** piety under Okawaru
 10838 | Lair:1   | Received a gift from Okawaru
 10847 | Lair:1   | Reached skill level 1 in Evocations
 11036 | Lair:1   | Received a gift from Okawaru
 11191 | Lair:1   | Reached XP level 12. HP: 83/92 MP: 18/18
 11763 | Lair:2   | Found a staircase to the Swamp.
 11782 | Lair:2   | Received a gift from Okawaru
 11939 | Lair:2   | Got a steaming long sword
 12163 | Lair:2   | Identified the +6 long sword "Hydrabane" {drain, rPois}
                  | (You found it on level 2 of the Lair of Beasts)
 12204 | Lair:2   | Reached skill level 10 in Shields
 12557 | Lair:3   | Slain by a komodo dragon

Levels and vault maps discovered:
D:1:      lemuel_arrival_broad_hall, layout_basic, lemuel_old_faithful
D:2:      layout_rooms, grunt_temple_overflow_order_and_chaos_2, first_ration
D:3:      layout_basic, uniq_sigmund
D:4:      layout_loops_corners, gammafunk_ghost_mausoleum, serial_shops, shop,
          nicolae_shop_statue_plus
D:5:      layout_basic
D:6:      layout_gridville, kennysheep_little_box
D:7:      layout_loops_cross, minmay_temple_entry_arrows, serial_shops, shop,
          grunt_ogre_cave, hangedman_decor_opposing
D:8:      layout_loops_ring, chequers_temple_overflow_statue_of_worship,
          basic_altar, serial_shops, nicolae_shop_statue_plus, shop
D:9:      layout_roguey, nicolae_ru_path_of_blood,
          grunt_lair_entry_orc_guard_hut, uniq_erica
Temple:   nicolae_temple_elliptical
Lair:1:   layout_chaotic_city, grunt_megastairs_5, uniq_prince_ribbit2
Lair:2:   layout_cave_shapes, swamp_mist_pool, beast_lair_carwin_7
Lair:3:   minmay_lair_oklob_tunnel, layout_chaotic_city,
          minmay_snake_entry_guardpost_small

Skill      XL: |  1  2  3  4  5  6  7  8  9 10 11 12 |
---------------+-------------------------------------+-----
Shields        | 4 6 7 8 9 10 | 10.1
Dodging        | 1 2 4 |  4.3
Long Blades    | 3 4 5 6 7 |  7.2
Fighting       | 4 5 6 7 8 9 |  9.1
Armour         | 4 6 8 9 |  9.0
Crossbows      | 2 7 |  7.0
Invocations    | 9 |  9.1
Evocations     | 4 |  4.2

Action                   |  1- 3 |  4- 6 |  7- 9 | 10-12 || total
-------------------------+-------+-------+-------+-------++-------
Melee: Long sword        |    79 |   147 |   164 |       ||   390
       Great sword       |       |       |   304 |   598 ||   902
       Scimitar          |       |       |       |     4 ||     4
Throw: Stone             |       |    87 |   216 |    40 ||   343
       Dart              |       |       |     2 |       ||     2
       Boomerang         |       |       |       |    90 ||    90
       Throwing net      |       |       |       |     1 ||     1
Invok: Heroism           |       |       |       |     6 ||     6
 Abil: Dig               |       |     2 |     2 |     2 ||     6
  Use: Scroll            |     2 |     4 |     8 |     8 ||    22
       Potion            |     1 |     1 |     3 |       ||     5
  Eat: Chunk             |       |     5 |    12 |    17 ||    34
       Ration            |       |       |     2 |       ||     2
Armor: Scale mail        |    25 |    45 |    16 |       ||    86
       Chain mail        |       |       |    76 |       ||    76
       Plate armour      |       |       |    99 |   238 ||   337
Dodge: Dodged            |    25 |    44 |   121 |   131 ||   321
       Deflected         |       |       |       |     5 ||     5
Block: Kite shield       |    39 |    67 |   244 |   401 ||   751
       Rpst.: Long sword |    11 |    17 |    10 |       ||    38
       Great sword       |       |       |    25 |    40 ||    65

Table legend:
 A = Non-vault XP
 B = Vault XP
 C = Vault XP percentage of total XP
 D = Non-vault monster count
 E = Vault monster count
 F = Vault count percentage of total count
                 A         B        C        D         E       F
            +---------+---------+-------+---------+---------+-------
      Total |   14434 |    6089 |  29.7 |     243 |      27 |  10.0
            +---------+---------+-------+---------+---------+-------
        D:1 |      25 |       0 |   0.0 |      13 |       0 |   0.0
        D:2 |      98 |       0 |   0.0 |      23 |       0 |   0.0
        D:3 |     232 |     227 |  49.5 |      34 |       1 |   2.9
        D:4 |     338 |     355 |  51.2 |      18 |       5 |  21.7
        D:5 |     985 |       0 |   0.0 |      25 |       0 |   0.0
        D:6 |    1297 |       0 |   0.0 |      27 |       0 |   0.0
        D:7 |     653 |     122 |  15.7 |      20 |       1 |   4.8
        D:8 |    2769 |       0 |   0.0 |      35 |       0 |   0.0
        D:9 |     373 |    1514 |  80.2 |      16 |       5 |  23.8
     Lair:1 |    5454 |    1991 |  26.7 |      21 |       9 |  30.0
     Lair:2 |    2210 |    1880 |  46.0 |      11 |       6 |  35.3
            +---------+---------+-------+---------+---------+-------
